[Event "Romanian Open 2021"]
[Site "Alba Iulia"]
[Date "2021.11.22"]
[Round "3.11"]
[White "Tudor, Henry Edward"]
[Black "Arion, Ilie"]
[Result "1-0"]
[ECO "A58"]
[WhiteElo "1753"]
[BlackElo "1758"]
[Annotator "NA RC"]
[PlyCount "59"]
[EventDate "2021.11.21"]
[EventType "swiss"]
[EventCountry "ROU"]
[SourceTitle "playchess.com"]
[Source "ChessBase"]
[SourceQuality "1"]
[TimeControl "5400+30"]

1. d4 Nf6 2. c4 c5 3. d5 b5 4. cxb5 a6 5. bxa6 g6 6. Nc3 Bg7 7. e4 O-O 8. Nf3 Qa5 9. Nd2 Bxa6 10. Be2 d6 11. O-O Bxe2 12. Qxe2 Qa6 13. Nb5 Nbd7 14. a4 Rfb8 15. Ra3 Nb6 16. b3 Nfd7 17. f4 Rc8 18. Ra2 c4 19. Nxc4 Nxc4 20. bxc4 Nb6 21. Be3 Rxc4 22. a5 Qxb5 23. axb6 Rxa2 24. Qxa2 Bd4 25. Bxd4 Rxd4 26. Qa8+ Kg7 27. Qa1 Qa4 28. Qb2 Qb4 29. Rb1 Qc5 30. Rd1 1-0